 Dungeon Crawl Stone Soup version 0.23-a0-712-g3a644c0 (console) character file.

36618 Voker57 the Carver (level 13, -4/107 HPs)
             Began as a Demonspawn Gladiator on Jan 15, 2019.
             Was an Initiate of Gozag.
             Slain by an orc knight
             ... wielding a +0 great sword
              (13 damage)
             ... on level 1 of the Orcish Mines.
             The game lasted 00:38:55 (21248 turns).

Voker57 the Carver (Demonspawn Gladiator)          Turns: 21248, Time: 00:38:57

Health: -4/107     AC: 19    Str: 14    XL:     13   Next: 54%
Magic:  22/22      EV: 11    Int: 16    God:    Gozag
Gold:   4453       SH:  0    Dex: 19    Spells: 12/12 levels left

rFire    . . .     SeeInvis .   g - +3 scimitar (flame)
rCold    . . .     Gourm    .   (no shield)
rNeg     + . .     Faith    .   P - +4 chain mail
rPois    .         Spirit   .   j - +1 hat "Halotwor" {Regen+ MP+9 Int+5 Dex-2}
rElec    +         Reflect  .   (no cloak)
rCorr    .         Harm     .   (no gloves)
MR       +....                  (no boots)
Stlth    ..........             A - amulet of Gayn {RegenMP rElec Int+2 Slay+2}
HPRegen  0.67/turn              q - ring of positive energy
MPRegen  0.43/turn              m - ring of protection from magic

@: gold aura
A: talons 1, thin metallic scales 3, demonic guardian 1, nightstalker 1
a: Potion Petition, Call Merchant, Bribe Branch, Renounce Religion


You were on level 1 of the Orcish Mines.
You worshipped Gozag.
Gozag was most pleased with you.
You were near starving.

You visited 3 branches of the dungeon, and saw 17 of its levels.
You also visited: Sewer and Bailey.

You collected 5013 gold pieces.
You spent 560 gold pieces at shops.

Inventory:

Hand Weapons
 g - a +3 scimitar of flaming (weapon)
 z - a +3 great sword of draining
Missiles
 a - 19 javelins of returning
 d - a throwing net (quivered)
 E - 6 javelins
 F - 6 tomahawks of returning
Armour
 b - a +1 leather armour
 c - a +0 helmet
 j - the +1 hat "Halotwor" (worn) {Regen+ MP+9 Int+5 Dex-2}
   (You acquired it on level 10 of the Dungeon)

   It affects your intelligence (+5).
   It affects your dexterity (-2).
   It affects your magic capacity (+9).
   It increases your rate of regeneration.
 P - a +4 chain mail (worn)
Jewellery
 m - a ring of protection from magic (right hand)
 q - a ring of positive energy (left hand)
 v - an uncursed ring of positive energy
 A - the amulet of Gayn (around neck) {RegenMP rElec Int+2 Slay+2}
   (You found it on level 5 of the Dungeon)

   [amulet of magic regeneration]

   It increases your magic regeneration.
   It affects your intelligence (+2).
   It affects your accuracy and damage with ranged weapons and melee attacks
   (+2).
   It insulates you from electricity.
 C - an uncursed ring of resist corrosion
 D - an uncursed ring of flight
 K - a cursed ring of attention {unknown}
 V - a +5 ring of dexterity {unknown}
Wands
 k - a wand of paralysis (6)
 s - a wand of enslavement (17)
 G - a wand of acid (6)
 I - a wand of scattershot (1)
 L - a wand of polymorph (25)
 U - a wand of flame (7)
Scrolls
 e - 4 scrolls of remove curse
 h - 4 scrolls of enchant armour
 i - 10 scrolls of identify
 o - 3 scrolls of random uselessness
 t - 2 scrolls of blinking
 w - 2 scrolls of fog
 x - 5 scrolls of amnesia
 y - a scroll of enchant weapon
 R - a scroll of magic mapping
 T - a scroll of fear
Potions
 l - 2 potions of flight
 n - 5 potions of might
 p - 3 potions of mutation {unknown}
 r - 6 potions of brilliance {unknown}
 u - 5 potions of degeneration {unknown}
 B - a potion of cancellation {unknown}
 H - 5 potions of curing
 J - a potion of invisibility {unknown}
 O - a potion of haste
 Q - a potion of magic {unknown}
Miscellaneous
 S - a lightning rod (inert)
Comestibles
 f - 15 rations


   Skills:
 + Level 11.9 Fighting
 * Level 14.9 Long Blades
 - Level 1.7 Throwing
 + Level 6.3 Armour
 - Level 9.3 Dodging


You had 12 spell levels left.
You didn't know any spells.
Your spell library contained the following spells:

 Spells                   Type           Power        Failure   Level  Hunger
 Freeze                   Ice            #...         99%         1    ##.....
 Magic Dart               Conj           #...         99%         1    ##.....
 Sting                    Conj/Pois      #...         99%         1    ##.....
 Poisonous Vapours        Pois/Air       #.....       100%        2    ###....
 Searing Ray              Conj           #.....       100%        2    ###....
 Throw Frost              Conj/Ice       #.....       100%        2    ###....
 Dazzling Spray           Conj/Hex       #.....       100%        3    ####...
 Mephitic Cloud           Conj/Pois/Air  #.......     100%        3    ####...
 Ozocubu's Armour         Chrm/Ice       #.......     100%        3    ####...
 Force Lance              Conj/Tloc      #.......     100%        4    #####..
 Fulminant Prism          Conj/Hex       #.........   100%        4    #####..
 Iskenderun's Mystic Bla  Conj           #.......     100%        4    #####..
 Olgreb's Toxic Radiance  Pois           #.......     100%        4    #####..
 Summon Ice Beast         Ice/Summ       #.......     100%        4    #####..
 Throw Icicle             Conj/Ice       #.......     100%        4    #####..
 Venom Bolt               Conj/Pois      #.........   100%        5    ######.


Dungeon Overview and Level Annotations

Branches:
Dungeon (10/15)            Temple (0/1) D:5            Lair (5/6) D:10
  Swamp (0/4) Lair:4       Spider (0/4) Lair:3          Orc (2/2) D:10
  Slime: Lair:5-6       Elf: Orc:2

Altars:
Cheibriados
Elyvilon
Fedhas
Gozag
Hepliaklqana
Kikubaaqudgha
Okawaru
Qazlal
Ru
Trog
Vehumet
Xom

Shops:
D:6 :(


Innate Abilities, Weirdness & Mutations

You have sharp toenails.
You are completely covered in thin metallic scales. (AC +4, rElec)
A weak demonic guardian rushes to your aid.
You are slightly more attuned to the shadows.


Message History

The troll claws you but does no damage.
You hit the troll. You burn the troll.
You kill the troll!
The orc knight barely misses you.
You slash the orc knight! You burn the orc knight. You claw the orc knight.
The orc knight is heavily wounded.
The orc knight closely misses you.
You hit the orc knight. You burn the orc knight.
You claw the orc knight, but do no damage.
The orc knight is heavily wounded.
The orc knight hits you with a +0 great sword!!!
* * * LOW HITPOINT WARNING * * *
You closely miss the orc knight.
You claw the orc knight, but do no damage.
The orc knight is heavily wounded.
The orc knight hits you with a +0 long sword!!
* * * LOW HITPOINT WARNING * * *
The orc knight hits you with a +0 great sword!
You die...
Your body crumbles into a pile of gold.

..##......#..........#
#.#....#............##
................##.##
..#.......[>....#...##
.............[.[[..#.##
...............<).#...#
#.#.......#.##.......##
##...#......###.....##
##.####.....#.oo...##
### #...#....5@....#
##.###...#....## ###
##.###....# ### ###.##
### ##....#
##.###....##
#...#...##### ########
#........##.## .......#
##...........# .......#
##..........#


You could see 2 orc knights and a friendly ufetubus.

Vanquished Creatures
  An ettin (Orc:1)
  2 hydras (Lair:2)
  Erica (D:8)
  A two-headed ogre (D:10)
  3 orc knights (Orc:1)
  A wolf spider (Lair:3)
  18 elephants (Lair:3)
  2 black mambas
  10 spiny frogs
  A gargoyle (D:10)
  7 rime drakes (Lair:2)
  A komodo dragon (D:10)
  2 jumping spiders (Lair:3)
  2 trolls
  2 hornets (Lair:1)
  3 blink frogs
  A bog body (Lair:4)
  5 hippogriffs
  A spriggan (Lair:3)
  A wyvern (Lair:3)
  A basilisk (Lair:1)
  17 yaks
  7 steam dragons (Lair:2)
  4 wargs
  2 acid dragons
  6 water moccasins
  19 orc warriors
  6 porcupines
  3 sky beasts
  3 ice beasts
  3 phantoms
  5 ogres
  11 wolves
  7 centaurs
  10 crocodiles
  16 bullfrogs
  3 scorpions
  20 killer bees
  6 wights
  A howler monkey (D:9)
  An electric eel (D:8)
  3 crimson imps
  A quasit (D:10)
  2 bullfrog skeletons (D:7)
  3 hounds
  9 orc wizards
  4 jellies (D:8)
  2 centaur skeletons
  6 orc priests
  Terence (D:2)
  An iguana (D:10)
  5 worker ants
  A hound zombie (D:10)
  Robin (D:2)
  A howler monkey zombie (D:3)
  6 gnolls
  A worker ant zombie (D:9)
  11 adders
  A howler monkey skeleton (D:8)
  A river rat (D:4)
  6 oozes
  6 worms
  3 dart slugs
  11 leopard geckos
  68 orcs
  6 giant cockroaches
  10 goblins
  17 hobgoblins
  3 jackals
  A quokka (D:7)
  5 ball pythons
  7 bats
  7 frilled lizards
  9 kobolds
  A leopard gecko skeleton (D:4)
  A quokka skeleton (D:4)
  13 rats
450 creatures vanquished.

Vanquished Creatures (collateral kills)
  A dire elephant (Lair:3)
  The ghost of MalarOregon the Chiller, a novice MfIE (D:7)
  Pikel (D:6)
  An elephant (Lair:3)
  A jumping spider (Lair:3)
  A hornet (D:8)
  A bog body (Lair:4)
  A yak (Lair:1)
  Purgy (Sewer)
  A phantom (D:7)
  2 ice beasts
  A wolf (Lair:2)
  2 centaurs (Bailey)
  A bullfrog (Lair:1)
  3 killer bees (D:8)
  2 bullfrog zombies
  A hound (D:8)
  An orc wizard (D:2)
  An iguana (D:6)
  An adder (Lair:1)
  5 orcs
  4 goblins (D:2)
  A hobgoblin (D:2)
  2 jackals
  A quokka (D:2)
38 creatures vanquished.

Vanquished Creatures (others)
  53 fungi
  20 plants
73 creatures vanquished.

Grand Total: 561 creatures vanquished

Notes
Turn   | Place    | Note
-------+----------+-------------------------------------------
     0 | D:1      | Voker57 the Demonspawn Gladiator began the quest for the
                  | Orb.
     0 | D:1      | Reached XP level 1. HP: 16/16 MP: 1/1
   109 | D:1      | Reached skill level 3 in Long Blades
   112 | D:1      | Gained mutation: You are slightly more attuned to the
                  | shadows. [demonic ancestry]
   112 | D:1      | Reached XP level 2. HP: 9/22 MP: 2/2
   881 | D:2      | Gained mutation: A weak demonic guardian rushes to your
                  | aid. [demonic ancestry]
   881 | D:2      | Reached XP level 3. HP: 8/28 MP: 3/3
  1048 | D:2      | Noticed Robin
  1098 | D:2      | Killed Robin
  1199 | D:2      | Gained mutation: You are partially covered in thin metallic
                  | scales. (AC +2) [demonic ancestry]
  1199 | D:2      | Reached XP level 4. HP: 15/34 MP: 4/4
  1206 | D:2      | Noticed Terence
  1503 | D:2      | Killed Terence
  1880 | D:2      | Reached skill level 4 in Long Blades
  1963 | D:2      | Found a shimmering altar of Xom.
  2108 | D:2      | Reached XP level 5. HP: 34/41 MP: 5/5
  2391 | D:3      | HP: 2/41 [gnoll/+0 spear of piercing (1)]
  3354 | D:3      | Found a blossoming altar of Fedhas.
  3487 | D:3      | Found a faded altar of an unknown god.
  3494 | D:3      | Became a worshipper of Gozag Ym Sagoz the Greedy
  3686 | D:4      | Gained mutation: You are mostly covered in thin metallic
                  | scales. (AC +3) [demonic ancestry]
  3686 | D:4      | Reached XP level 6. HP: 45/47 MP: 6/6
  3745 | D:4      | Reached skill level 5 in Long Blades
  3911 | D:4      | Found a glowing drain.
  3954 | Sewer    | Entered a sewer
  4020 | Sewer    | Noticed Purgy
  4028 | Sewer    | Killed Purgy
  4431 | D:4      | Found a hazy altar of Hepliaklqana.
  4435 | D:4      | Found a radiant altar of Vehumet.
  4437 | D:4      | Found a snail-covered altar of Cheibriados.
  4439 | D:4      | Found a blossoming altar of Fedhas.
  4442 | D:4      | Found a stormy altar of Qazlal.
  4725 | D:5      | Entered Level 5 of the Dungeon
  4771 | D:5      | Found a staircase to the Ecumenical Temple.
  4819 | D:5      | Reached XP level 7. HP: 43/54 MP: 7/7
  4911 | D:5      | Got an ancient golden amulet
  4913 | D:5      | Identified the amulet of Gayn {RegenMP rElec Int+2 Slay+2}
                  | (You found it on level 5 of the Dungeon)
  4936 | D:5      | Found a white marble altar of Elyvilon.
  5287 | D:6      | Noticed Pikel
  5291 | D:6      | Reached skill level 6 in Long Blades
  5765 | D:6      | Reached skill level 5 in Fighting
  5765 | D:6      | Reached skill level 5 in Dodging
  5765 | D:6      | Reached XP level 8. HP: 20/62 MP: 8/8
  6117 | D:6      | Found Vaaz's Book Shop.
  6366 | D:6      | Killed Pikel
  6366 | D:6      | Reached skill level 7 in Long Blades
  6540 | D:6      | Found Eloruob's Antique Weapon Boutique.
  6703 | D:7      | Found a large runed door.
  6758 | D:7      | Found a large runed door.
  6826 | D:7      | Noticed MalarOregon's ghost (novice MfIE)
  6891 | D:7      | Reached skill level 8 in Long Blades
  7042 | D:7      | Reached XP level 9. HP: 65/69 MP: 9/9
  7307 | D:7      | Found an ancient bone altar of Kikubaaqudgha.
  7307 | D:7      | Found a bloodstained altar of Trog.
  7307 | D:7      | Found a white marble altar of Elyvilon.
  7308 | D:7      | Found an iron altar of Okawaru.
  7554 | D:7      | Killed MalarOregon's ghost
  7802 | D:8      | Paralysed by a hornet for 3 turns
  7814 | D:8      | Reached skill level 9 in Long Blades
  8642 | D:8      | Identified a scroll of acquirement
  8656 | D:8      | Noticed Erica
  8680 | D:8      | Killed Erica
  8680 | D:8      | Gained mutation: You are completely covered in thin
                  | metallic scales. (AC +4, rElec) [demonic ancestry]
  8680 | D:8      | Reached XP level 10. HP: 17/79 MP: 10/10
  9536 | D:8      | Reached skill level 10 in Long Blades
 10326 | D:9      | Found a flagged portal.
 10728 | D:10     | Entered Level 10 of the Dungeon
 10770 | Bailey   | Entered a bailey
 11744 | Bailey   | Reached skill level 11 in Long Blades
 12809 | D:10     | Reached XP level 11. HP: 63/87 MP: 11/11
 13164 | D:10     | Found a staircase to the Lair.
 13341 | D:10     | Found a staircase to the Orcish Mines.
 13343 | D:10     | Noticed a two-headed ogre
 13360 | D:10     | Killed a two-headed ogre
 13651 | D:10     | Found Gouxiam's Food Shoppe.
 13821 | D:10     | Got a pitted hat
 13835 | D:10     | Identified the +1 hat "Halotwor" {Regen+ MP+9 Int+5 Dex-2}
                  | (You acquired it on level 10 of the Dungeon)
 14211 | D:10     | Bought a ration for 70 gold pieces
 14211 | D:10     | Bought a ration for 70 gold pieces
 14211 | D:10     | Bought a ration for 70 gold pieces
 14211 | D:10     | Bought a ration for 70 gold pieces
 14211 | D:10     | Bought a ration for 70 gold pieces
 14211 | D:10     | Bought a ration for 70 gold pieces
 14211 | D:10     | Bought a ration for 70 gold pieces
 14211 | D:10     | Bought a ration for 70 gold pieces
 14286 | Lair:1   | Entered Level 1 of the Lair of Beasts
 14547 | Lair:1   | Reached skill level 12 in Long Blades
 14733 | Lair:1   | Found a sacrificial altar of Ru.
 15462 | Lair:2   | Noticed a five-headed hydra
 15474 | Lair:2   | Killed a one-headed hydra
 15474 | Lair:2   | Reached skill level 10 in Fighting
 15474 | Lair:2   | Reached skill level 1 in Armour
 15984 | Lair:2   | Reached XP level 12. HP: 94/97 MP: 12/12
 16336 | Lair:2   | Found a snail-covered altar of Cheibriados.
 16419 | Lair:2   | Noticed a four-headed hydra
 16424 | Lair:2   | Killed a one-headed hydra
 16424 | Lair:2   | Reached skill level 13 in Long Blades
 16652 | Lair:2   | HP: 3/98 [something/ball of steam (23)]
 17558 | Lair:3   | Found a hole to the Spider Nest.
 17888 | Lair:3   | Reached skill level 14 in Long Blades
 17912 | Lair:3   | Reached skill level 5 in Armour
 17964 | Lair:3   | Gained mutation: You have sharp toenails. [demonic
                  | ancestry]
 17964 | Lair:3   | Reached XP level 13. HP: 83/106 MP: 13/13
 18010 | Lair:3   | Noticed a dire elephant
 18025 | Lair:3   | Killed a dire elephant
 19221 | Lair:4   | Found a staircase to the Swamp.
 20137 | Orc:1    | Entered Level 1 of the Orcish Mines
 20387 | Orc:1    | Noticed an ettin
 20638 | Orc:1    | Killed an ettin
 21030 | Orc:2    | Entered Level 2 of the Orcish Mines
 21248 | Orc:1    | Slain by an orc knight

Vault maps used:
D:1:      dpeg_arrival_simpleton_a
D:2:      xom_teletrap_fun, uniq_terence, uniq_robin
D:3:      chequers_ecumenical_altar_island, columned_hall_lemuel, fedhas_altar_3
D:4:      chequers_temple_overflow_minitemple, portal_sewer_entry_a
D:5:      minmay_temple_entry_purple_smoke, first_ration, basic_altar
D:6:      serial_shops, kennysheep_little_box, shop_fountains, uniq_pikel
D:7:      chequers_temple_overflow_statue_of_worship,
          ebering_ghost_disaster_area
D:8:      cheibrodos_helix_gallery, hangedman_little_slice_of_home,
          bh_walls_and_bars, uniq_erica
D:9:      serial_glass, glass_columns_a, glass_columns_a, enter_bailey_6
D:10:     erik_lair_orcish_takeover, david_orc_2, serial_shops,
          nicolae_shop_window_shopping
Lair:1:   minmay_lair_venomous_thicket, basic_altar, grunt_megastairs_3
Lair:2:   basic_altar, serial_bayou_pond_a, minivault_25,
          bobbens_dragon_lair_wall, infiniplex_staircase_pool
Lair:3:   mu_elephants_graveyard, spider_nest_entry_funnel_web
Lair:4:   skrybe_swamp_entry_bodies, chequers_serial_rivers_large_b,
          minmay_holes
Orc:1:    cheibrodos_orc_bank, nicolae_orc_damp_corner
Orc:2:    grunt_orc_cross, guppyfry_orc_lava_fort, uniq_donald
Sewer:    sewer_co_purgy_island
Bailey:   bailey_polearm_flooded_kennysheep, bailey

Skill      XL: |  1  2  3  4  5  6  7  8  9 10 11 12 13 |
---------------+----------------------------------------+-----
Long Blades    | 3 4 5 6 8 9 11 12 14 | 14.9
Dodging        | 3 4 5 6 7 8 9 |  9.3
Fighting       | 3 4 5 6 7 8 10 11 | 11.9
Armour         | 1 5 6 |  6.3
Throwing       | |  1.7

Action                   |  1- 3 |  4- 6 |  7- 9 | 10-12 | 13-15 || total
-------------------------+-------+-------+-------+-------+-------++-------
Melee: Long sword        |   112 |   273 |   119 |       |       ||   504
       Unarmed           |       |     3 |       |       |       ||     3
       Scimitar          |       |       |    92 |   755 |   239 ||  1086
       Great sword       |       |       |    14 |       |       ||    14
       Kick              |       |       |       |       |    84 ||    84
Throw: Throwing net      |     1 |    10 |     1 |     2 |     3 ||    17
Evoke: Wand              |       |       |     2 |     5 |     4 ||    11
       Lightning rod     |       |       |       |     4 |     4 ||     8
  Use: Potion            |     2 |       |     4 |     6 |     1 ||    13
       Scroll            |       |     9 |    11 |     4 |     4 ||    28
 Stab: Sleeping          |     4 |    13 |     4 |     9 |       ||    30
       Held in net/web   |     1 |     3 |       |     3 |     2 ||     9
       Distracted        |       |     1 |     6 |    16 |     5 ||    28
  Eat: Chunk             |     1 |     7 |       |       |     2 ||    10
       Ration            |       |     1 |     4 |     9 |     2 ||    16
Armor: Leather armour    |    27 |    75 |    66 |    79 |       ||   247
       Chain mail        |       |       |       |   191 |   114 ||   305
Dodge: Dodged            |    72 |   204 |   193 |   530 |   136 ||  1135
       Rpst.: Long sword |    22 |    54 |    25 |       |       ||   101
       Scimitar          |       |       |    29 |   126 |    32 ||   187

Table legend:
 A = Non-vault XP
 B = Vault XP
 C = Vault XP percentage of total XP
 D = Non-vault monster count
 E = Vault monster count
 F = Vault count percentage of total count
                 A         B        C        D         E       F
            +---------+---------+-------+---------+---------+-------
      Total |   27653 |   24659 |  47.1 |     318 |     170 |  34.8
            +---------+---------+-------+---------+---------+-------
        D:1 |      28 |       0 |   0.0 |      18 |       0 |   0.0
        D:2 |     181 |      59 |  24.6 |      42 |      13 |  23.6
        D:3 |      78 |       0 |   0.0 |      18 |       0 |   0.0
        D:4 |     268 |      16 |   5.6 |      18 |       4 |  18.2
        D:5 |     214 |       0 |   0.0 |       7 |       0 |   0.0
        D:6 |     793 |     525 |  39.8 |      11 |       1 |   8.3
        D:7 |     847 |     545 |  39.2 |      19 |       1 |   5.0
        D:8 |    1825 |    1203 |  39.7 |      29 |      11 |  27.5
        D:9 |    1624 |       0 |   0.0 |      28 |       0 |   0.0
       D:10 |    3641 |     599 |  14.1 |      36 |      15 |  29.4
     Lair:1 |    4253 |     978 |  18.7 |      24 |      11 |  31.4
     Lair:2 |    5100 |    3618 |  41.5 |      21 |      15 |  41.7
     Lair:3 |    1884 |   11598 |  86.0 |      12 |      25 |  67.6
     Lair:4 |    5378 |     494 |   8.4 |      26 |       2 |   7.1
     Lair:5 |     279 |       0 |   0.0 |       1 |       0 |   0.0
      Orc:1 |    1260 |    2522 |  66.7 |       8 |      23 |  74.2
      Orc:2 |       0 |     209 | 100.0 |       0 |       3 | 100.0
      Sewer |       0 |      81 | 100.0 |       0 |       7 | 100.0
     Bailey |       0 |    2212 | 100.0 |       0 |      39 | 100.0
            +---------+---------+-------+---------+---------+-------
